 Dungeon Crawl Stone Soup version 0.24-a0-408-gcc1054c7ca (webtiles) character file.

Game seed: 11425714415187475637

269 Lanoc the Ruffian (level 6, 0/50 HPs)
             Began as a Draconian Transmuter on June 5, 2019.
             Slain by an orc wizard
             ... wielding a +2 dagger of electrocution
              (1 damage)
             ... on level 7 of the Dungeon.
             The game lasted 00:06:19 (2761 turns).

Lanoc the Ruffian (Draconian Transmuter)            Turns: 2761, Time: 00:06:20

Health: 0/50       AC:  6    Str: 12    XL:     6   Next: 1%
Magic:  1/10       EV: 18    Int: 16    God:
Gold:   140        SH:  0    Dex: 16    Spells: 4/10 levels left

rFire    . . .     SeeInvis .     - Unarmed
rCold    . . .     Gourm    .   (no shield)
rNeg     . . .     Faith    .   (armour unavailable)
rPois    .         Spirit   .   (helmet restricted)
rElec    .         Reflect  .   (no cloak)
rCorr    .         Harm     .   (no gloves)
MR       .....                  (no boots)
Stlth    ++........             (no amulet)
HPRegen  0.16/turn              (no ring)
MPRegen  0.12/turn              (no ring)

@: agile, very slightly contaminated
A: unfitting armour, cold-blooded, AC +6
a: no special abilities


You were on level 7 of the Dungeon.
You were not hungry.

You visited 1 branch of the dungeon, and saw 5 of its levels.

You collected 140 gold pieces.

Inventory:

Hand Weapons
 o - a +3 dagger of chaos
Missiles
 a - 23 arrows
Scrolls
 f - 2 scrolls of amnesia
 m - 2 scrolls of identify
Comestibles
 c - 5 rations


   Skills:
 + Level 2.6 Fighting
 + Level 2.6 Dodging
 * Level 4.4 Unarmed Combat
 + Level 2.7 Spellcasting
 * Level 3.6 Transmutations


You had 4 spell levels left.
You knew the following spells:

 Your Spells              Type           Power        Failure   Level  Hunger
a - Beastly Appendage     Tmut           ##....       4%          1    #......
b - Sticks to Snakes      Tmut           ##......     6%          2    ##.....
c - Spider Form           Tmut/Pois      #.........   26%         3    ###....

Your spell library contained the following spells:

 Spells                   Type           Power        Failure   Level  Hunger
 Ice Form                 Ice/Tmut       #.......     65%         4    #####..
 Blade Hands              Tmut           ##........   75%         5    ######.


Dungeon Overview and Level Annotations

Branches:
Dungeon (4/15)
 Temple: D:4-7

Altars:
Makhleb
Xom

Annotations:
D:7 1 runed translucent door


Innate Abilities, Weirdness & Mutations

Your plain brown scales are hard. (AC +6)
You cannot fit into any form of body armour.
You are cold-blooded and may be slowed by cold attacks.


Message History

Your adder bites the ice beast.
The ice beast completely misses you. Something barely misses you.
You hit something.
Your adder bites the ice beast.
You punch something! The ice beast hits you.
* * * LOW HITPOINT WARNING * * *
The ice beast freezes you.
* * * LOW HITPOINT WARNING * * *
Something hits you but does no damage.
Your adder bites the ice beast but does no damage.
Casting: Sticks to Snakes (safe; 6% risk of failure)
Confirm with . or Enter, or press ? or * to list all spells.
You miscast Beastly Appendage.
The air around you crackles with energy!
Your adder bites the ice beast but does no damage.
The ice beast closely misses you. Something barely misses you.
Your adder misses the ice beast. You hit something.
The ice beast hits you but does no damage.
Something hits you.
You die...

....#######.##
...## ##)#####
..## #.....##
o## ##.....#
## ##....# #
#....# ##..S#
##Y?# #@## ###


You could see an ice beast and a friendly adder.

Vanquished Creatures
  A crimson imp (D:4)
  A hound (D:4)
  6 adders (D:3)
  A worm (D:3)
  4 dart slugs
  2 orcs (D:3)
  A giant cockroach (D:3)
  4 goblins
  3 hobgoblins
  15 jackals
  A ball python (D:1)
  8 bats
  7 frilled lizards
  6 kobolds
  9 rats
69 creatures vanquished.

Vanquished Creatures (collateral kills)
  A bullfrog (D:7)
  An orc priest (D:7)
  A gnoll (D:7)
  A worm (D:3)
  2 orcs (D:7)
  A frilled lizard (D:3)
7 creatures vanquished.

Grand Total: 76 creatures vanquished

Notes
Turn   | Place    | Note
-------+----------+-------------------------------------------
     0 | D:1      | Lanoc the Draconian Transmuter began the quest for the Orb.
     0 | D:1      | Reached XP level 1. HP: 16/16 MP: 3/3
    91 | D:1      | Reached XP level 2. HP: 23/23 MP: 3/5
   107 | D:1      | Learned a level 2 spell: Sticks to Snakes
   672 | D:2      | Reached XP level 3. HP: 25/28 MP: 4/6
   974 | D:3      | Learned a level 3 spell: Spider Form
  1455 | D:3      | Reached XP level 4. HP: 34/36 MP: 5/7
  1854 | D:3      | Reached skill level 4 in Unarmed Combat
  2320 | D:4      | Reached XP level 5. HP: 21/41 MP: 8/8
  2550 | D:4      | Found a shimmering altar of Xom.
  2551 | D:4      | Found a burning altar of Makhleb.
  2683 | D:4      | You fall into a shaft and drop 3 floors!
  2691 | D:7      | Noticed an ice beast
  2707 | D:7      | Found a runed translucent door.
  2727 | D:7      | HP: 1/42 [bullfrog (6)]
  2756 | D:7      | Reached XP level 6. HP: 22/50 MP: 1/10
  2759 | D:7      | HP: 1/50 [ice beast (6)]
  2761 | D:7      | Slain by an orc wizard

Levels and vault maps discovered:
D:1:      elethiomel_arrival_shortcut, layout_rooms
D:2:      layout_loops_corners
D:3:      layout_rooms, first_ration, st_stairs_12, corexii_leaking_fountain,
          grunt_ministairs_3
D:4:      layout_basic, grunt_temple_overflow_champion_of_chaos
D:7:      layout_cave_pods, serial_shops, nicolae_shop_stone,
          ebering_ghost_reflecting_pool

Skill      XL: |  1  2  3  4 |
---------------+-------------+-----
Dodging        | 2 |  2.6
Fighting       | 2 |  2.6
Transmutations | 3 |  3.6
Unarmed Combat | 4 |  4.4
Spellcasting   | |  2.7

Action                   |  1- 3 |  4- 6 || total
-------------------------+-------+-------++-------
Melee: Unarmed           |   155 |   149 ||   304
       Kick              |    10 |     5 ||    15
       Tailslap          |    15 |     9 ||    24
       Headbutt          |     6 |     6 ||    12
       Punch             |     1 |     2 ||     3
 Cast: Beastly Appendage |    16 |    13 ||    29
       Sticks to Snakes  |     1 |    10 ||    11
  Use: Scroll            |       |     9 ||     9
       Potion            |       |     5 ||     5
  Eat: Chunk             |     2 |     3 ||     5
       Ration            |       |     1 ||     1
Armor: Skin              |    50 |    47 ||    97
Dodge: Dodged            |   112 |   132 ||   244

Table legend:
 A = Non-vault XP
 B = Vault XP
 C = Vault XP percentage of total XP
 D = Non-vault monster count
 E = Vault monster count
 F = Vault count percentage of total count
                 A         B        C        D         E       F
            +---------+---------+-------+---------+---------+-------
      Total |     334 |      51 |  13.2 |      73 |       3 |   3.9
            +---------+---------+-------+---------+---------+-------
        D:1 |      38 |       0 |   0.0 |      24 |       0 |   0.0
        D:2 |      18 |       0 |   0.0 |      10 |       0 |   0.0
        D:3 |     119 |      19 |  13.8 |      33 |       2 |   5.7
        D:4 |      40 |      32 |  44.4 |       1 |       1 |  50.0
        D:7 |     119 |       0 |   0.0 |       5 |       0 |   0.0
            +---------+---------+-------+---------+---------+-------
